 Dungeon Crawl Stone Soup version 0.23-a0-435-g79ed067 (webtiles) character file.

572 aurelian the Gusty (level 7, -4/36 HPs)
             Began as a Tengu Air Elementalist on Nov 16, 2018.
             Slain by a hippogriff (11 damage)
             ... on level 4 of the Dungeon.
             The game lasted 00:14:25 (5268 turns).

aurelian the Gusty (Tengu Air Elementalist)         Turns: 5268, Time: 00:14:25

Health: -4/36      AC:  2    Str: 14    XL:     7   Next: 34%
Magic:  10/14      EV: 13    Int: 17    God:
Gold:   200        SH:  0    Dex: 15    Spells: 4/14 levels left

rFire    . . .     SeeInvis .   i - +0 hunting sling
rCold    . . .     Gourm    .   (no shield)
rNeg     . . .     Faith    .   a - +0 robe
rPois    .         Spirit   .   (helmet restricted)
rElec    .         Reflect  .   (no cloak)
rCorr    .         Harm     .   (no gloves)
MR       .....                  (boots unavailable)
Stlth    ++........             (no amulet)
HPRegen  0.12/turn              m - +6 ring of strength
MPRegen  0.14/turn              (no ring)

@: swift, quick
A: beak, talons 3, able to fly 1
a: Fly


You were on level 4 of the Dungeon.
You were not hungry.

You visited 1 branch of the dungeon, and saw 4 of its levels.

You collected 200 gold pieces.

Inventory:

Hand Weapons
 f - a +4 short sword of freezing
 i - a +0 hunting sling (weapon)
Missiles
 h - 102 stones (quivered)
 r - 34 sling bullets
Armour
 a - a +0 robe (worn)
Jewellery
 m - a +6 ring of strength (left hand)
Scrolls
 d - a scroll of immolation
 e - a scroll of enchant weapon {unknown}
 l - a scroll of enchant armour {unknown}
 n - 2 scrolls of remove curse
 p - a scroll of teleportation
 q - a scroll of blinking {unknown}
 v - 2 scrolls of identify
 w - a scroll of fear {unknown}
Potions
 g - 4 potions of heal wounds
 j - 2 potions of haste
 k - 2 potions of flight
 o - 3 potions of curing
 s - a potion of mutation {unknown}
 t - a potion of magic {unknown}
 u - 2 potions of lignification {unknown}
 x - a potion of brilliance {unknown}
Comestibles
 b - 3 chunks of flesh
 c - 3 rations


   Skills:
 - Level 2.1 Dodging
 - Level 2.0 Stealth
 + Level 4.4 Spellcasting
 + Level 5.8 Conjurations
 + Level 7.0 Air Magic


You had 4 spell levels left.
You knew the following spells:

 Your Spells              Type           Power        Failure   Level  Hunger
a - Shock                 Conj/Air       ####         1%          1    None
b - Swiftness             Chrm/Air       ###.....     5%          2    ##.....
c - Static Discharge      Conj/Air       ####....     3%          3    ###....
d - Airstrike             Air            ####......   9%          4    ####...

Your spell library contained the following spells:

 Spells                   Type           Power        Failure   Level  Hunger
 Lightning Bolt           Conj/Air       ####......   30%         5    ######.


Dungeon Overview and Level Annotations

Branches:
Dungeon (4/15)
 Temple: D:4-7

Altars:
Dithmenos
Elyvilon
Fedhas
Ru


Innate Abilities, Weirdness & Mutations

You have a beak for a mouth.
You have claws for feet.
You can fly.


Message History

You eat one of the 4 chunks of flesh.
This raw flesh tastes terrible.
The hippogriff is too close now for your liking.
Casting: Shock (safe; 1% risk of failure)
Confirm with . or Enter, or press ? or * to list all spells.
Aiming: Shock (safe; 1% risk of failure)
Press: ? - help, Shift-Dir - straight line, p - hippogriff The zap hits the hippogriff.
The hippogriff is moderately wounded.
The zap hits the hippogriff.
The hippogriff is heavily wounded.
The hippogriff bites you! The hippogriff closely misses you.
The hippogriff claws you! The hippogriff bites you!
The hippogriff pecks you but does no damage.
The hippogriff claws you.
* * * LOW HITPOINT WARNING * * *
Casting: Shock (safe; 1% risk of failure)
Confirm with . or Enter, or press ? or * to list all spells.
You feel quick. The hippogriff bites you!
You die...

#...#..##H####..
#.###.......###.
##.#..........##.
#..#.............
###.##..........#..
#...####.#.####.#..
#.<.# #...........
#.H.# ##.#..#####..
#.@.###....#####...
##................##
#....####.##........
##........##.##...##
#.....##..#.##...##
#####.#.....##.....
#....#..##...##
#####..............
#.....(..##########


You could see a hippogriff.

Vanquished Creatures
  Duvessa (D:4)
  Dowan (D:4)
  A howler monkey (D:4)
  A hound (D:4)
  A jelly (D:2)
  An orc priest (D:2)
  4 orc wizards
  Natasha (D:1)
  6 adders
  2 oozes (D:4)
  A worm (D:2)
  3 dart slugs
  3 leopard geckos
  7 orcs
  8 bats
  A giant cockroach (D:2)
  10 goblins
  7 hobgoblins
  3 jackals (D:3)
  13 kobolds
  2 quokkas
  6 frilled lizards
  7 rats
90 creatures vanquished.

Notes
Turn   | Place    | Note
-------+----------+-------------------------------------------
     0 | D:1      | aurelian the Tengu Air Elementalist began the quest for the
                  | Orb.
     0 | D:1      | Reached XP level 1. HP: 10/10 MP: 4/4
   458 | D:1      | Reached XP level 2. HP: 13/15 MP: 1/6
   519 | D:1      | Learned a level 2 spell: Swiftness
  1096 | D:1      | Reached XP level 3. HP: 19/19 MP: 7/7
  1101 | D:1      | Learned a level 3 spell: Static Discharge
  1680 | D:2      | Noticed Natasha
  1707 | D:1      | Killed Natasha
  1707 | D:1      | Reached XP level 4. HP: 2/24 MP: 2/9
  2045 | D:2      | Reached skill level 5 in Air Magic
  3009 | D:2      | Gained mutation: You can fly. [Tengu growth]
  3009 | D:2      | Reached XP level 5. HP: 16/28 MP: 7/10
  3500 | D:2      | Learned a level 4 spell: Airstrike
  3556 | D:3      | Found a white marble altar of Elyvilon.
  3588 | D:3      | Reached XP level 6. HP: 32/32 MP: 5/12
  3717 | D:3      | Found a blossoming altar of Fedhas.
  3924 | D:3      | Reached skill level 6 in Air Magic
  4217 | D:3      | Found a shadowy altar of Dithmenos.
  4455 | D:4      | Noticed a hippogriff
  4568 | D:4      | Noticed Duvessa
  4583 | D:4      | Killed Duvessa
  4583 | D:4      | Reached skill level 5 in Conjurations
  4769 | D:4      | Reached XP level 7. HP: 32/36 MP: 7/14
  4968 | D:4      | Noticed Dowan
  4978 | D:4      | Killed Dowan
  5093 | D:4      | Reached skill level 7 in Air Magic
  5130 | D:4      | Found a sacrificial altar of Ru.
  5268 | D:4      | Slain by a hippogriff

Vault maps used:
D:1:      scummos_arrival_simple_crosswalls
D:2:      first_ration, uniq_natasha
D:3:      nicolae_dithmenos_through_a_glass_darkly, old_standard_altar,
          elyvilon_altar_3
D:4:      overflow_temple_1_default, uniq_grinder, uniq_duvessa

Skill      XL: |  1  2  3  4  5  6  7 |
---------------+----------------------+-----
Conjurations   | 2 3 4 5 |  5.8
Air Magic      | 5 6 7 |  7.0
Spellcasting   | 3 4 |  4.4
Dodging        | |  2.1
Stealth        | |  2.0

Action                   |  1- 3 |  4- 6 |  7- 9 || total
-------------------------+-------+-------+-------++-------
 Fire: Hunting sling     |    20 |    19 |       ||    39
 Cast: Shock             |    51 |   110 |    28 ||   189
       Swiftness         |       |       |     1 ||     1
  Use: Scroll            |       |     8 |       ||     8
  Eat: Chunk             |     2 |     7 |     2 ||    11
       Ration            |       |     1 |       ||     1
Armor: Robe              |    19 |     9 |     1 ||    29
Dodge: Dodged            |    41 |    28 |     1 ||    70

Table legend:
 A = Non-vault XP
 B = Vault XP
 C = Vault XP percentage of total XP
 D = Non-vault monster count
 E = Vault monster count
 F = Vault count percentage of total count
                 A         B        C        D         E       F
            +---------+---------+-------+---------+---------+-------
      Total |     568 |     250 |  30.6 |      87 |       3 |   3.3
            +---------+---------+-------+---------+---------+-------
        D:1 |      40 |      35 |  46.7 |      25 |       1 |   3.8
        D:2 |     161 |       0 |   0.0 |      27 |       0 |   0.0
        D:3 |     139 |       0 |   0.0 |      24 |       0 |   0.0
        D:4 |     228 |     215 |  48.5 |      11 |       2 |  15.4
            +---------+---------+-------+---------+---------+-------
